 Dungeon Crawl Stone Soup version 0.29.1-2-gbd0b4ee654 (webtiles) character file.

Game seed: 12892434880395970074

9 jamesblauser the Ducker (level 2, 0/26 HPs)
             Began as a Gnoll Gladiator on Nov 11, 2022.
             Was a Follower of Nemelex Xobeh.
             Slain by a kobold
             ... wielding a +0 short sword
              (3 damage)
             ... on level 1 of the Dungeon.
             The game lasted 00:01:09 (395 turns).

jamesblauser the Ducker (Gnoll Gladiator)            Turns: 395, Time: 00:01:09

Health: 0/26       AC:  4    Str: 13    XL:     2   Next: 12%
Magic:  2/2        EV: 14    Int:  7    God:    Nemelex Xobeh [*.....]
Gold:   11         SH:  0    Dex: 13    Spells: 1/1 levels left

rFire   . . .      SeeInvis .   a - +0 trident
rCold   . . .      Faith    .   (no shield)
rNeg    . . .      Spirit   .   b - +0 leather armour
rPois   .          Reflect  .   c - +0 helmet
rElec   .          Harm     .   (no cloak)
rCorr   .          Rampage  .   (no gloves)
Will    .....                   (no boots)
Stlth   +.........              (no amulet)
HPRegen 0.08/turn               (no ring)
MPRegen 0.08/turn               (no ring)

@: no status effects
A: fangs 1, strong nose, distributed training
a: Renounce Religion, Draw Escape, Draw Destruction, Draw Summoning


You were on level 1 of the Dungeon.
You worshipped Nemelex Xobeh.
Nemelex Xobeh was aware of your devotion.
You visited 1 branch of the dungeon, and saw 1 of its levels.

You collected 11 gold pieces.

Inventory:

Hand Weapons
 a - a +0 trident (weapon)
Missiles
 d - 3 throwing nets (quivered)
 e - a javelin
Armour
 b - a +0 leather armour (worn)
 c - a +0 helmet (worn)


   Skills:
 + Level 4.4 Fighting
 + Level 0.3 Short Blades
 + Level 0.3 Long Blades
 + Level 0.3 Axes
 + Level 0.3 Maces & Flails
 + Level 6.4 Polearms
 + Level 0.3 Staves
 + Level 0.3 Ranged Weapons
 + Level 4.4 Throwing
 + Level 0.3 Armour
 + Level 6.4 Dodging
 + Level 0.3 Stealth
 + Level 0.3 Shields
 + Level 0.3 Unarmed Combat
 + Level 0.3 Spellcasting
 + Level 0.2 Conjurations
 + Level 0.2 Hexes
 + Level 0.2 Summonings
 + Level 0.2 Necromancy
 + Level 0.2 Translocations
 + Level 0.2 Transmutations
 + Level 0.2 Fire Magic
 + Level 0.2 Ice Magic
 + Level 0.2 Air Magic
 + Level 0.2 Earth Magic
 + Level 0.2 Poison Magic
 + Level 0.4 Invocations
 + Level 0.3 Evocations


You had one spell level left.
You didn't know any spells.
Your spell library was empty.

Dungeon Overview and Level Annotations

Branches:
Dungeon (1/15)

Altars:
Nemelex Xobeh


Innate Abilities, Weirdness & Mutations

You have very sharp teeth.
Your uncanny sense of smell can sniff out nearby items.
Your experience applies equally to all skills.


Message History

An endoplasm comes into view.
The endoplasm quivers.
Found 25 gold pieces.
A kobold comes into view. It is wielding a +0 short sword.
The kobold shouts!
The endoplasm quivers.
The dart slug launches a dart at you. The slug dart hits you.
A dart slug comes into view.
Found a helmet.
The dart slug launches a dart at you. The slug dart misses you.
The endoplasm closely misses you. The kobold hits you but does no damage.
The endoplasm attacks as you move away! The endoplasm hits you.
The endoplasm freezes you.
You are frozen.
The kobold barely misses you.
The dart slug briefly extends its eye-stalks.
The endoplasm closely misses you. The kobold completely misses you.
The endoplasm attacks as you move away!
The endoplasm hits you but does no damage.
The endoplasm freezes you.
You are frozen.
The kobold misses you. The endoplasm attacks as you move away!
The endoplasm hits you but does no damage.
The kobold misses you. The kobold attacks as you move away!
The kobold hits you with a +0 short sword.
* * * LOW HITPOINT WARNING * * *
The endoplasm hits you.
* * * LOW HITPOINT WARNING * * *
The endoplasm misses you. The endoplasm attacks as you move away!
The endoplasm hits you but does no damage. x2
The kobold closely misses you. The endoplasm attacks as you move away!
The endoplasm barely misses you. The endoplasm attacks as you move away!
The endoplasm hits you but does no damage.
The kobold hits you with a +0 short sword.
You die...
Your body glows slightly and disappears.

##.†.†.#######...........
#...).#######...........
#.....#.....!...........
#.....#.$...............
#.....#........w........
##.....#.................
#......+......w..........
####......#......K..$.......
................@JJw........
.###.............#####......
.# #.............+ ....## .#
#.###.........# ...[# .# #.#
..######## .#### .# #.#
..#.. .# #.# #.# .# #.# .#.#
# .# #.###..#.# .#


You could see 3 dart slugs, 2 endoplasms and a kobold.

Vanquished Creatures
  An endoplasm (D:1)
  2 giant cockroaches (D:1)
  A hobgoblin (D:1)
  A quokka (D:1)
  A ball python (D:1)
  A kobold (D:1)
  A rat (D:1)
8 creatures vanquished.

Notes
Turn   | Place    | Note
-------+----------+-------------------------------------------
     0 | D:1      | jamesblauser the Gnoll Gladiator began the quest for the
                  | Orb.
     0 | D:1      | Reached XP level 1. HP: 20/20 MP: 1/1
    30 | D:1      | Found a faded altar of an unknown god.
    35 | D:1      | Prayed at the altar of an unknown god.
    35 | D:1      | Became a worshipper of Nemelex Xobeh the Trickster
    35 | D:1      | Reached * piety under Nemelex Xobeh
   183 | D:1      | Reached XP level 2. HP: 12/26 MP: 2/2
   395 | D:1      | Slain by a kobold

Illustrated notes

Levels and vault maps discovered:
D:1:      lemuel_arrival_hallway, layout_basic, ebering_ecumenical_altar_ruins

Action                   || total
-------------------------++-------
Melee: Trident           ||    27
Armor: Leather armour    ||    20
Dodge: Dodged            ||    49
